 Dungeon Crawl Stone Soup version 0.25.1-2-g60ff931df9 (webtiles) character file.

Game seed: 2245182441110833321

25608 lepoulpe303 the Thaumaturge (level 12, -2/56 HPs)
             Began as a Spriggan Earth Elementalist on Sept 11, 2020.
             Was a Believer of Ashenzari.
             Killed from afar by an orc sorcerer (30 damage)
             ... with a bolt of fire
             ... led by an orc knight
             ... on level 2 of the Orcish Mines.
             The game lasted 01:56:07 (26928 turns).

lepoulpe303 the Thaumaturge (SpEE)                 Turns: 26928, Time: 01:56:07

Health: -2/56      AC:  3    Str:  4    XL:     12   Next: 91%
Magic:  24/38      EV: 42    Int: 27    God:    Ashenzari [**....]
Gold:   798        SH:  7    Dex: 17    Spells: 14/35 levels left

rFire    . . .     SeeInvis +   a - +4 short sword (venom) (curse)
rCold    . . .     Gourm    .   y - +0 buckler (curse)
rNeg     . . .     Faith    .   C - +1 robe {MR+} (curse) {MR+}
rPois    .         Spirit   .   (helmet restricted)
rElec    .         Reflect  .   I - scarf {+Inv} (curse)
rCorr    .         Harm     .   (gloves unavailable)
MR       +++..                  (boots unavailable)
Stlth    +++++.....             s - amulet of the acrobat
HPRegen  0.18/turn              o - ring of magical power {MP+9}
MPRegen  0.26/turn              r - +6 ring of intelligence (curse)

@: acrobat, very quick
A: very small, unfitting armour, see invisible, herbivore, speed 3, slow
metabolism 2
a: Curse Item, Scrying, Renounce Religion, Evoke Invisibility


You were on level 2 of the Orcish Mines.
You worshipped Ashenzari.
Ashenzari was pleased with you.
You were not hungry.

You visited 4 branches of the dungeon, and saw 16 of its levels.
You visited 1 bazaar.

You collected 1168 gold pieces.
You spent 370 gold pieces at shops.

Inventory:

Hand Weapons
 a - a cursed +4 short sword of venom (weapon)
 u - a +0 dagger of venom
Missiles
 m - 3 boomerangs of dispersal {=f}
 n - 38 poisoned darts (quivered)
 L - a throwing net {=f}
 O - 2 curare-tipped darts
 Q - 198 stones
Armour
 c - a +1 robe
 y - a cursed +0 buckler (worn)
 C - a cursed +1 robe of magic resistance (worn) {MR+}
 I - a cursed scarf of invisibility (worn)
 V - a +0 robe of cold resistance {rC+}
 X - a +2 robe of magic resistance {MR+}
 Y - a +2 robe of fire resistance {rF+}
Magical Staves
 P - an uncursed staff of wizardry {wiz+, !a}
Jewellery
 o - a ring of magical power (left hand) {MP+9}
 r - a cursed +6 ring of intelligence (right hand)
 s - an amulet of the acrobat (around neck)
 M - an uncursed amulet of reflection
 W - an uncursed ring of wizardry {Wiz+}
Wands
 x - a wand of paralysis (8)
 D - a wand of digging (7)
 F - a wand of disintegration (14)
 H - a wand of polymorph (7)
 N - a wand of iceblast (7)
 T - a wand of acid (7)
Scrolls
 f - 2 scrolls of enchant armour
 g - a scroll of fear
 i - 2 scrolls of identify
 k - 7 scrolls of magic mapping {!r}
 l - 3 scrolls of amnesia
 t - 3 scrolls of teleportation
 w - a scroll of remove curse
 z - a scroll of immolation {!r}
 A - 2 scrolls of enchant weapon
 B - 3 scrolls of blinking {!r}
 E - a scroll of summoning {unknown}
 G - 2 scrolls of noise {unknown}
 J - a scroll of fog {unknown}
Potions
 b - 2 potions of stabbing
 d - a potion of might
 h - 5 potions of haste
 j - a potion of ambrosia
 p - 3 potions of degeneration {!q}
 q - 4 potions of curing
 v - 2 potions of cancellation
 K - 5 potions of lignification {!q}
 R - a potion of mutation {unknown}
 S - 3 potions of brilliance
 U - a potion of flight {unknown}
Comestibles
 e - 7 rations


   Skills:
 - Level 3.0 Fighting
 + Level 8.0(10.3) Short Blades
 + Level 10.5(11.8) Dodging
 + Level 11.4(12.7) Stealth
 - Level 2.9(4.2) Shields
 * Level 12.1 Spellcasting
 + Level 7.8 Hexes
 - Level 1.3 Transmutations
 * Level 9.9 Earth Magic
 * Level 5.5 Poison Magic
 * Level 5.4 Evocations


You had 14 spell levels left.
You knew the following spells:

 Your Spells              Type           Power        Failure   Level  Hunger
a - Sandblast             Erth           ######       1%          1    None
b - Confusing Touch       Hex            ######..     1%          3    None
c - Petrify               Tmut/Erth      #####...     4%          4    None
d - Mephitic Cloud        Conj/Pois/Air  ####....     6%          3    None
w - Passwall              Tmut/Erth      #####...     1%          2    None
x - Stone Arrow           Conj/Erth      #####.       1%          3    None
z - Lee's Rapid Deconstr  Erth           ######....   1%          5    ###....

Your spell library contained the following spells:

 Spells                   Type           Power        Failure   Level  Hunger
 Slow                     Hex            ######..     1%          2    None
 Dazzling Flash           Conj/Hex       #####.       2%          3    None
 Magic Dart               Conj           ###.         4%          1    None
 Blink                    Tloc           N/A          6%          2    None
 Call Imp                 Summ           ###.....     6%          2    None
 Searing Ray              Conj           ###...       6%          2    None
 Fulminant Prism          Conj/Hex       #####.....   9%          4    None
 Conjure Flame            Conj/Fire      ###.....     13%         3    None
 Gell's Gravitas          Tloc           ###.......   13%         3    None
 Yara's Violent Unravell  Hex/Tmut       #####.....   19%         5    ###....
 Metabolic Englaciation   Hex/Ice        #####.....   24%         5    ###....
 Iskenderun's Mystic Bla  Conj/Tloc      ###.....     38%         4    None


Dungeon Overview and Level Annotations

Branches:
Dungeon (12/15)            Temple (1/1) D:4            Lair (1/6) D:8
    Orc (2/2) D:12            Elf (0/3) Orc:2

Altars:
Ashenzari
Cheibriados
Dithmenos
Elyvilon
Fedhas
Gozag
Hepliaklqana
Kikubaaqudgha
Makhleb
Nemelex Xobeh
Okawaru
Qazlal
Ru
Sif Muna
Trog
Uskayaw
Vehumet
Wu Jian
Xom
Yredelemnul
Zin
The Shining One

Shops:
D:5 *   D:6 :   D:10 *   Orc:1 *


Innate Abilities, Weirdness & Mutations

You are very small and have problems with some larger weapons.
You are too small for most types of armour.
You have supernaturally acute eyesight. (SInv)
You are a herbivore.
You cover ground extremely quickly.
You need to consume almost no food.


Message History

The ogre appears confused.
An orc comes into view. It is wielding a +0 dagger.
The ogre is engulfed in noxious fumes.
The ogre appears confused.
A warg comes into view.
The orc shouts!
The orc sorcerer gestures at you while chanting.
The bolt of fire misses you.
The warg moves out of view.
Aim: an orc knight, wielding a +2 battleaxe of electrocution and wearing a +0 plate armour (severely wounded, confused, extremely poisoned)
The stone arrow hits the orc knight!
You now have 23/38 mp.
The ogre barely misses the orc.
Aim: a warg
Okay, then.
Okay, then.
The orc knight seems less confused.
You kill the orc knight!
The orc sorcerer points at you and mumbles some strange words.
The bolt of fire hits you!!
Ouch! That really hurt!
You die...

###.###.#######......#o#..#
.....................o##..##
......................#o.O.#
..........<.....$.........#
.....)..............o.)..##
.......#.........h.....###*
........................#
...........................*
................@......#...#
.......[.).............##.##
....#...).............##*##
....##...))[....<.......
......[[.[<....#.$.......
......$.#$...............,
.$......#......#.........
........................,
.................. ,


You could see a warg, an orc sorcerer, an orc warrior and an orc.

Levels and vault maps discovered:
D:1:      ncdulo_lavacross, layout_basic, minmay_pentomino_r4
D:2:      layout_basic, eat_drink_and_be_merry_uskayaw,
          chequers_ecumenical_altar_simple_redux, nrook_uturn
D:3:      lemuel_upstairs_altar, layout_rooms, lemuel_doored_altar,
          nemelex_altar_shiori, fedhas_ov_isle_minmay,
          nicolae_ru_great_annihilating_truth, lemuel_round_altar
D:4:      cheibrodos_fertilizer, layout_basic, temple_hall, uniq_grinder
D:5:      layout_cave_pools, kennysheep_little_box, kiku_gazebo_garden_becter,
          lemuel_coloured_pillars_altar, serial_shops, nicolae_shop_waterfront,
          first_ration, serial_gnoll_camp, gnoll_camp_mini_loothouse,
          gnoll_camp_medium_02, gnoll_camp_mini_hut, gnoll_camp_mini_basic,
          gnoll_camp_mini_house
D:6:      layout_basic, serial_shops, shop, chequers_decorated_corner,
          serial_park_tiny_2
D:7:      layout_loops_ring, grunt_gozag_breadcrumbs, zin_angel,
          grunt_qazlal_sundering, minmay_fire_ice_demons, uniq_harold
D:8:      layout_loops_cross, kennysheep_mini_moat,
          grunt_lair_entry_orc_guard_hut, nicolae_tso_carved_into_rock
D:9:      cheibrodos_histonic, layout_long_grid
D:10:     layout_stronghold, serial_shops, nicolae_shop_stone
D:11:     layout_basic, serial_shops, bzr_entry_water
D:12:     layout_roguey, zombieorc2_lemuel
Temple:   compressed_dpeg_triangle_lava_temple
Lair:1:   layout_cave_pods
Orc:1:    layout_caves, serial_shops, shop_fountains, uniq_nergalle
Orc:2:    st_orc_town, layout_caves

Notes
Turn   | Place    | Note
-------+----------+-------------------------------------------
     0 | D:1      | lepoulpe303 the Spriggan Earth Elementalist began the quest
                  | for the Orb.
     0 | D:1      | Reached XP level 1. HP: 9/9 MP: 5/5
    43 | D:1      | Identified a +0 short sword
    44 | D:1      | Identified a +0 club
   133 | D:1      | Reached skill level 3 in Spellcasting
   149 | D:1      | Reached XP level 2. HP: 13/13 MP: 7/7
   153 | D:1      | Learned a level 2 spell: Passwall
   169 | D:1      | Identified a cursed -1 club
   415 | D:1      | Reached skill level 3 in Earth Magic
   429 | D:1      | HP: 3/13 [jackal (1)]
   783 | D:1      | Identified a +0 club
   828 | D:1      | Identified a +0 short sword
   858 | D:1      | Reached XP level 3. HP: 16/16 MP: 8/8
   863 | D:1      | Learned a level 3 spell: Stone Arrow
   893 | D:1      | Identified a +0 club
  1072 | D:1      | Identified a +0 dagger
  1385 | D:2      | Reached skill level 1 in Short Blades
  1541 | D:2      | Identified a +0 short sword
  1574 | D:2      | Identified a +0 club
  1785 | D:2      | Found a faded altar of an unknown god.
  1824 | D:2      | Identified a +0 short sword
  1856 | D:2      | Identified a +0 spear
  1857 | D:2      | Identified a +0 flail
  1859 | D:2      | Identified a +0 flail
  1877 | D:2      | Reached XP level 4. HP: 10/21 MP: 5/10
  1969 | D:2      | Reached skill level 4 in Spellcasting
  2183 | D:2      | Identified a +0 dagger
  2236 | D:2      | Found a hide-covered altar of Uskayaw.
  2348 | D:3      | Identified a +0 club
  2533 | D:3      | Found a white marble altar of Elyvilon.
  2555 | D:3      | Reached skill level 4 in Stealth
  2556 | D:3      | Reached XP level 5. HP: 24/24 MP: 8/12
  2613 | D:3      | Found a sacrificial altar of Ru.
  2618 | D:3      | Identified a +0 dagger
  2618 | D:3      | Identified a +0 robe
  2700 | D:3      | Identified a +0 flail
  2745 | D:3      | Reached skill level 2 in Short Blades
  2915 | D:3      | Identified a +0 dagger
  2915 | D:3      | Identified a +0 robe
  2918 | D:3      | Identified a +0 mace
  2918 | D:3      | Identified a +0 leather armour
  2922 | D:3      | Identified a +0 trident
  2926 | D:3      | Reached skill level 4 in Dodging
  3130 | D:3      | Identified a +0 flail
  3219 | D:3      | Identified 5 scrolls of magic mapping
  3220 | D:3      | Identified 3 scrolls of amnesia
  3221 | D:3      | Identified 2 scrolls of enchant armour
  3222 | D:3      | Identified 2 scrolls of identify
  3222 | D:3      | Identified a ring of attention (You found it on level 3 of
                  | the Dungeon)
  3264 | D:3      | Found a sparkling altar of Nemelex Xobeh.
  3330 | D:3      | Reached skill level 4 in Earth Magic
  3344 | D:3      | Found a blossoming altar of Fedhas.
  3359 | D:3      | Identified a cursed -3 club
  3411 | D:3      | Identified a +0 club
  3468 | D:3      | Found a radiant altar of Vehumet.
  3595 | D:3      | Identified a +0 club
  3753 | D:4      | Noticed Grinder
  3826 | D:4      | Reached XP level 6. HP: 15/28 MP: 9/14
  3832 | D:4      | Learned a level 4 spell: Petrify
  3976 | D:4      | Identified a +0 club
  3976 | D:4      | Identified a +0 leather armour
  3992 | D:4      | Identified a +0 giant club
  4021 | D:4      | Identified a cursed -1 club
  4037 | D:4      | Reached skill level 5 in Spellcasting
  4365 | D:4      | Identified a +0 hand axe
  4365 | D:4      | Identified a +6 ring of intelligence
  4407 | D:4      | Identified a ring of magical power (You found it on level 4
                  | of the Dungeon)
  4608 | D:4      | Found a staircase to the Ecumenical Temple.
  4620 | Temple   | Entered the Ecumenical Temple
  4621 | Temple   | lepoulpe303: !whichgod spee
  4621 | Temple   | meem: 11 recent wins for spee: 4x Gozag, 3x Zin,
                  | Cheibriados, Dithmenos, Makhleb, Vehumet
  4956 | Temple   | lepoulpe303: !whichgod --ee
  4956 | Temple   | meem: 497 recent wins for --ee: 139x Vehumet, 48x Sif Muna,
                  | 43x Ashenzari, 38x Gozag, 35x Cheibriados, 31x The Shining
                  | One, 27x Okawaru, 24x Makhleb, 17x, 16x Dithmenos, 10x Zin,
                  | 10x Wu Jian, 9x Hepliaklqana, 9x Uskayaw, 8x Ru, 8x Qazlal,
                  | 7x Kikubaaqudgha, 5x Nemelex Xobeh, 4x Beogh, 3x
                  | Yredelemnul, 2x Fedhas, 2x Elyvilon, Lugonu, Trog
  5204 | D:4      | Reached skill level 5 in Stealth
  5373 | D:4      | Identified a +0 whip
  5373 | D:4      | Identified a +0 club
  5374 | D:4      | Identified a +0 short sword
  5375 | D:4      | Identified a +0 dagger
  5375 | D:4      | Identified a +0 club
  5375 | D:4      | Identified a +0 hand crossbow
  5570 | D:4      | Identified a +0 dagger
  5585 | D:4      | Identified an amulet of the acrobat (You found it on level
                  | 4 of the Dungeon)
  5679 | D:4      | Identified 2 scrolls of fear
  5685 | D:4      | Killed Grinder
  5685 | D:4      | Reached skill level 3 in Short Blades
  5685 | D:4      | Reached skill level 5 in Dodging
  5685 | D:4      | Reached XP level 7. HP: 32/32 MP: 16/16
  6171 | D:5      | Entered Level 5 of the Dungeon
  6180 | D:5      | Reached skill level 6 in Spellcasting
  6186 | D:5      | Identified a +0 flail
  6187 | D:5      | Identified a +0 halberd
  6191 | D:5      | Identified a +0 club
  6191 | D:5      | Identified a cursed -3 club
  6216 | D:4      | Reached skill level 5 in Earth Magic
  6410 | D:4      | Reached skill level 6 in Stealth
  6680 | D:5      | HP: 5/32 [gnoll/boomerang (9)]
  7051 | D:5      | Identified a +5 spear of venom
  7051 | D:5      | Identified a +0 ring mail
  7058 | D:5      | Identified a +0 whip
  7058 | D:5      | Identified a cursed +0 robe
  7069 | D:5      | Identified 3 potions of curing
  7101 | D:4      | Reached XP level 8. HP: 15/36 MP: 18/18
  7316 | D:4      | HP: 9/36 [poisoned by a gnoll sergeant]
  7321 | D:4      | HP: 7/36 [poisoned by a gnoll sergeant]
  7326 | D:4      | HP: 4/36 [poisoned by a gnoll sergeant]
  7332 | D:4      | HP: 3/36 [poisoned by a gnoll sergeant]
  7340 | D:4      | HP: 2/36 [poisoned by a gnoll sergeant]
  7640 | D:5      | Identified a +0 mace
  7640 | D:5      | Identified a +0 flail
  7862 | D:5      | Identified a +2 short sword of venom
  7883 | D:5      | Identified a +0 club
  7884 | D:5      | Identified a cursed -2 short sword
  7884 | D:5      | Identified a +1 leather armour of poison resistance
  8015 | D:5      | Identified a +0 shortbow
  8023 | D:5      | Identified a +0 dagger
  8029 | D:5      | Identified a +0 shortbow
  8045 | D:5      | HP: 9/36 [orc priest/divine providence (16)]
  8450 | D:5      | Identified a +0 spear
  8452 | D:5      | Identified a +1 flail of venom
  8502 | D:5      | Reached skill level 4 in Short Blades
  8502 | D:5      | Reached skill level 6 in Dodging
  8760 | D:5      | Reached skill level 7 in Spellcasting
  8838 | D:5      | HP: 9/36 [gnoll sergeant/+5 spear of venom (14)]
  9196 | D:5      | Found a hazy altar of Hepliaklqana.
  9242 | D:5      | Identified a +0 spear
  9249 | D:5      | Identified a cursed -2 club
  9249 | D:5      | Identified a +0 leather armour
  9454 | D:5      | Found Xatotirch's Assorted Antiques.
  9461 | D:5      | Found an ancient bone altar of Kikubaaqudgha.
  9483 | D:5      | Identified a +0 flail
  9513 | D:5      | Identified a +0 spear
  9515 | D:5      | Identified a +0 club
  9518 | D:5      | Identified a +0 whip
  9518 | D:5      | Identified a +0 robe
  9557 | D:5      | Reached skill level 7 in Stealth
  9557 | D:5      | Reached skill level 6 in Earth Magic
  9826 | Temple   | Became a worshipper of Ashenzari the Shackled
  9827 | Temple   | Identified 3 scrolls of blinking
 10060 | D:5      | Found a snail-covered altar of Cheibriados.
 10224 | D:5      | Identified 2 potions of lignification
 10225 | D:5      | Identified a potion of cancellation
 10226 | D:5      | Identified a potion of stabbing
 10227 | D:5      | Identified a potion of ambrosia
 10327 | D:6      | Identified a +0 giant club
 10551 | D:6      | Identified a +0 flail
 10577 | D:6      | Identified a +0 giant club
 10580 | D:6      | Identified a +0 dagger
 10580 | D:6      | Identified a +0 robe
 10581 | D:6      | Identified a +0 dagger
 10581 | D:6      | Identified a +0 robe
 10599 | D:6      | Reached XP level 9. HP: 39/39 MP: 21/21
 10608 | D:6      | Reached skill level 8 in Spellcasting
 10873 | D:6      | Reached skill level 7 in Dodging
 11082 | D:6      | Identified a +0 flail
 11154 | D:6      | Identified a cursed -1 dagger
 11417 | D:6      | Identified a +0 leather armour
 11488 | D:6      | Found Lenuoppiung's Book Shoppe.
 11496 | D:6      | Bought a book of Misfortune for 220 gold pieces
 11600 | D:6      | Learned a level 3 spell: Confusing Touch
 11694 | D:6      | Identified a +0 dagger
 11694 | D:6      | Identified a +0 leather armour
 11704 | D:6      | Identified a cursed +0 giant club
 11709 | D:6      | Reached skill level 5 in Short Blades
 11936 | D:7      | Identified a +0 mace
 11936 | D:7      | Identified a +3 scale mail of poison resistance
 11936 | D:7      | Noticed Harold
 11947 | D:7      | HP: 3/38 [Harold/+0 mace (17)]
 11963 | D:7      | Killed Harold
 11963 | D:7      | Reached skill level 8 in Stealth
 11963 | D:7      | Reached skill level 2 in Hexes
 11963 | D:7      | Reached skill level 7 in Earth Magic
 12246 | D:7      | Reached skill level 1 in Shields
 12246 | D:7      | Reached skill level 9 in Spellcasting
 12246 | D:7      | Reached skill level 3 in Hexes
 12506 | D:7      | Found a stormy altar of Qazlal.
 12581 | D:7      | Reached * piety under Ashenzari
 12701 | D:7      | Found a glowing silver altar of Zin.
 12701 | D:7      | Identified a +1 war axe of holy wrath
 12701 | D:7      | Noticed an angel
 12849 | D:7      | Identified a +0 short sword
 12849 | D:7      | Identified a +0 leather armour
 12960 | D:7      | Found an opulent altar of Gozag.
 12979 | D:7      | Identified a +0 buckler (You found it on level 6 of the
                  | Dungeon)
 13270 | D:8      | Reached XP level 10. HP: 43/43 MP: 23/24
 13395 | D:7      | Reached skill level 8 in Dodging
 13474 | D:8      | Reached skill level 4 in Hexes
 13594 | D:8      | Identified a +0 flail
 13595 | D:8      | Identified a +0 club
 13598 | D:8      | Identified a +0 flail
 13625 | D:8      | Identified a potion of degeneration
 13626 | D:8      | Identified 2 potions of haste
 13627 | D:8      | Identified 2 scrolls of enchant weapon
 13628 | D:8      | Identified a scroll of immolation
 13630 | D:8      | Identified a +0 dagger of venom (You found it on level 5 of
                  | the Dungeon)
 13637 | D:8      | Identified a +0 club
 13704 | D:8      | Identified a +0 dagger
 13707 | D:8      | Identified a +0 scimitar
 13707 | D:8      | Identified a +0 plate armour
 13710 | D:8      | Identified a +0 ring mail
 13712 | D:8      | Identified a +0 whip
 13998 | D:8      | Found an iron altar of Okawaru.
 14083 | D:8      | Identified a +4 falchion
 14083 | D:8      | Identified a +1 robe of magic resistance
 14100 | D:8      | Reached skill level 9 in Stealth
 14108 | D:8      | Identified a cursed -3 short sword (You found it on level 1
                  | of the Dungeon)
 14108 | D:8      | Identified a +0 dagger (You found it on level 1 of the
                  | Dungeon)
 14108 | D:8      | Identified a +0 hand axe (You found it on level 2 of the
                  | Dungeon)
 14108 | D:8      | Identified a +0 short sword (You found it on level 3 of the
                  | Dungeon)
 14108 | D:8      | Identified a cursed -1 dagger
 14108 | D:8      | Identified a +0 war axe
 14108 | D:8      | Identified a +0 spear
 14108 | D:8      | Identified a +0 trident
 14108 | D:8      | Identified a +0 quarterstaff
 14108 | D:8      | Identified a +0 short sword (You found it on level 5 of the
                  | Dungeon)
 14108 | D:8      | Identified a +0 short sword
 14108 | D:8      | Identified a +0 hand crossbow
 14108 | D:8      | Identified a +0 quarterstaff
 14108 | D:8      | Identified a +0 short sword
 14250 | D:5      | Bought a scroll of remove curse for 84 gold pieces
 14397 | D:7      | Identified a +0 leather armour (You found it on level 7 of
                  | the Dungeon)
 14406 | D:7      | Identified a +0 ring mail
 14472 | D:8      | Identified a +0 flail
 14487 | D:8      | Identified a +0 chain mail
 14574 | D:8      | Identified a +0 dagger
 14593 | D:8      | Identified a +0 great sword
 14593 | D:8      | Identified a +0 robe
 14593 | D:8      | Identified a +2 short sword
 14593 | D:8      | Identified a +0 robe
 14593 | D:8      | Identified a +0 dire flail
 14593 | D:8      | Identified a +0 robe
 14593 | D:8      | Identified a cursed +3 scimitar of freezing
 14593 | D:8      | Identified a +0 robe
 14616 | D:8      | Learned a level 5 spell: Lee's Rapid Deconstruction
 14762 | D:8      | Identified the cursed +0 leather armour of a treasure trove
                  | {+Fly rC- rN++ Str-3 SInv}
 14762 | D:8      | Identified a +0 whip
 14764 | D:8      | Identified a +0 short sword
 14764 | D:8      | Identified a +0 ring mail
 14765 | D:8      | Identified a +0 dagger
 14765 | D:8      | Identified a +0 robe
 14766 | D:8      | Identified a +0 dagger
 14766 | D:8      | Identified a +0 robe
 14767 | D:8      | Identified a +0 dagger
 14767 | D:8      | Identified a +0 robe
 14768 | D:8      | Found a glowing golden altar of the Shining One.
 14897 | D:8      | Found a staircase to the Lair.
 14897 | D:8      | Identified a +0 dire flail
 14897 | D:8      | Identified a +0 chain mail
 14905 | D:8      | Identified a +0 robe
 14905 | D:8      | Identified a +0 robe
 14905 | D:8      | Identified a +0 ring mail
 14905 | D:8      | Identified a +0 scale mail (You found it on level 4 of the
                  | Dungeon)
 14905 | D:8      | Identified a +0 leather armour
 14905 | D:8      | Identified a +0 leather armour
 14905 | D:8      | Identified a +0 scale mail
 14905 | D:8      | Identified a +0 chain mail (You found it on level 6 of the
                  | Dungeon)
 14905 | D:8      | Identified a +0 ring mail (You found it on level 8 of the
                  | Dungeon)
 14907 | Lair:1   | Entered Level 1 of the Lair of Beasts
 14962 | D:8      | Identified a +0 ring mail (You found it on level 8 of the
                  | Dungeon)
 15172 | D:8      | Reached skill level 6 in Short Blades
 15172 | D:8      | Reached skill level 5 in Hexes
 15500 | Lair:1   | HP: 5/43 [komodo dragon (23)]
 15833 | D:9      | Identified a +0 whip
 15833 | D:9      | Identified a +0 ring mail
 15875 | D:9      | Identified a +0 mace
 15875 | D:9      | Identified a +0 chain mail
 15876 | D:9      | Identified a +0 flail
 15877 | D:9      | Identified a +0 hand axe
 15877 | D:9      | Identified a +0 ring mail
 15889 | D:9      | Reached skill level 2 in Shields
 15889 | D:9      | Reached skill level 10 in Spellcasting
 15889 | D:9      | Reached skill level 8 in Earth Magic
 16084 | D:9      | Found a runed translucent door.
 16253 | D:9      | Identified a +0 giant club
 16404 | D:9      | Identified a +0 mace
 16404 | D:9      | Noticed a gargoyle
 16405 | D:9      | Noticed a red ugly thing
 16421 | D:9      | Killed a gargoyle
 16492 | D:9      | Identified a +0 dagger
 16492 | D:9      | Identified a +0 robe
 16500 | D:9      | Noticed an unseen horror
 16503 | D:9      | Killed an unseen horror
 16537 | D:9      | Reached skill level 6 in Hexes
 16558 | D:9      | Identified a +0 rapier
 16572 | D:9      | Killed a red ugly thing
 16572 | D:9      | Reached XP level 11. HP: 45/46 MP: 26/26
 16581 | D:9      | Identified a +0 robe
 16582 | D:9      | Identified a +0 club
 16582 | D:9      | Identified a +0 leather armour
 16583 | D:9      | Identified a +0 war axe
 16600 | D:9      | Identified a +0 great sword
 16600 | D:9      | Identified a +0 robe
 16655 | D:9      | Reached skill level 9 in Dodging
 16827 | D:9      | Found a runed translucent door.
 16893 | D:9      | Identified a +0 shortbow
 16904 | D:9      | Identified a +0 giant club
 17157 | D:9      | Learned a level 3 spell: Mephitic Cloud
 17283 | D:9      | Reached skill level 10 in Stealth
 17620 | D:9      | Identified a +0 giant spiked club
 17668 | D:10     | Entered Level 10 of the Dungeon
 17668 | D:10     | Identified a cursed -3 shortbow
 17671 | D:10     | Identified a +0 trident
 17673 | D:10     | Identified a +0 hand axe
 17673 | D:10     | Identified a +0 leather armour
 17674 | D:10     | Identified a +0 leather armour
 17674 | D:10     | Identified a +0 dagger
 17674 | D:10     | Identified a +0 robe
 17679 | D:10     | Identified a +0 club
 17679 | D:10     | Identified a +0 leather armour
 17680 | D:10     | Identified a +0 dagger
 17680 | D:10     | Identified a +0 robe
 17868 | D:10     | Identified a cursed -2 hand axe
 17868 | D:10     | Identified a +0 ring mail
 17868 | D:10     | Identified a +0 hand axe
 17869 | D:10     | Identified a +1 mace of protection
 17869 | D:10     | Identified a +0 ring mail
 17902 | D:10     | HP: 10/46 [orc/+1 mace of protection (7)]
 18266 | D:10     | Identified a +0 glaive
 18266 | D:10     | Identified a +0 chain mail
 18275 | D:10     | Identified a +0 club
 18330 | D:10     | Identified a +0 rapier
 18382 | D:10     | Identified a +0 ring mail
 18413 | D:10     | Found Exeumo Kyts's General Store.
 18414 | D:10     | Identified a +0 robe
 18558 | D:10     | Identified a +0 giant club
 18565 | D:10     | Reached skill level 1 in Poison Magic
 18600 | D:10     | Identified a +0 morningstar
 18718 | D:10     | Noticed an unseen horror
 18741 | D:10     | Killed an unseen horror
 18831 | D:10     | Identified a +0 club
 19081 | D:10     | Identified a +0 short sword
 19081 | D:10     | Identified a +0 short sword
 19082 | D:10     | Identified a +0 leather armour
 19247 | D:11     | Found a gateway to a bazaar.
 19249 | D:11     | Reached skill level 1 in Fighting
 19249 | D:11     | Reached skill level 2 in Poison Magic
 19255 | Bazaar   | Entered a bazaar
 19278 | Bazaar   | Found Atau's Jewellery Boutique.
 19302 | Bazaar   | Reached ** piety under Ashenzari
 19316 | Bazaar   | Found Laafop's Jewellery Emporium.
 19365 | Bazaar   | Found Ongoluiz's Jewellery Emporium.
 19422 | Bazaar   | Found Qaxtayt's Magic Scroll Emporium.
 19751 | Bazaar   | Bought a scroll of teleportation for 33 gold pieces
 19751 | Bazaar   | Bought a scroll of remove curse for 33 gold pieces
 19953 | Bazaar   | Identified a +0 buckler (You found it on level 8 of the
                  | Dungeon)
 20072 | D:11     | Noticed an eight-headed hydra
 20075 | D:11     | Killed an eight-headed hydra
 20075 | D:11     | Reached skill level 7 in Short Blades
 20075 | D:11     | Reached skill level 11 in Spellcasting
 20146 | D:11     | Identified a ring of wizardry
 20188 | D:11     | Identified a +0 mace
 20188 | D:11     | Identified a +0 leather armour
 20268 | D:11     | Identified an amulet of reflection
 20332 | D:11     | Identified a +0 short sword
 20333 | D:11     | Identified a +0 ring mail
 20334 | D:11     | Identified a +0 whip
 20335 | D:11     | Identified a +0 dagger
 20335 | D:11     | Identified a +0 robe
 20337 | D:11     | Identified a +0 trident
 20337 | D:11     | Identified a +0 chain mail
 20338 | D:11     | Identified a +0 trident
 20338 | D:11     | Identified a +0 halberd
 20338 | D:11     | Identified a +0 plate armour
 20341 | D:11     | Identified a +3 battleaxe
 20341 | D:11     | Identified a +0 robe
 20341 | D:11     | Identified a cursed +5 dagger
 20341 | D:11     | Identified a +0 robe
 20346 | D:11     | Identified a cursed +2 great sword
 20346 | D:11     | Identified a +0 robe
 20352 | D:11     | Identified a cursed +1 battleaxe
 20352 | D:11     | Identified a +0 robe
 20363 | D:11     | Identified a +0 spear
 20363 | D:11     | Identified a +0 robe
 20465 | D:11     | Identified a +0 club
 20577 | D:11     | Identified a +0 trident
 20580 | D:11     | Identified a +0 battleaxe
 20580 | D:11     | Identified a +0 chain mail
 20580 | D:11     | Noticed a purple ugly thing
 20582 | D:11     | Identified a +0 club
 20582 | D:11     | Identified a +0 leather armour
 20621 | D:11     | Killed a purple ugly thing
 20621 | D:11     | Reached skill level 7 in Hexes
 20621 | D:11     | Reached skill level 9 in Earth Magic
 20632 | D:11     | Reached skill level 3 in Poison Magic
 20768 | D:11     | Identified a +0 robe
 20811 | D:11     | Identified a +0 giant spiked club
 21350 | D:11     | Identified 3 potions of brilliance
 21351 | D:11     | Identified a scroll of acquirement
 21352 | D:11     | Acquired a cursed scarf of invisibility
 21393 | D:12     | Identified a +0 falchion
 21421 | D:12     | Identified a +0 dagger
 21421 | D:12     | Identified a cursed +0 robe
 21421 | D:12     | Identified a +0 mace
 21421 | D:12     | Identified a +0 war axe
 21428 | D:12     | Identified a cursed -3 rapier
 21449 | D:12     | Found a staircase to the Orcish Mines.
 21598 | D:12     | Reached skill level 1 in Evocations
 21673 | D:12     | Reached XP level 12. HP: 32/52 MP: 25/28
 21947 | D:12     | Identified a +0 hand axe
 21947 | D:12     | Identified a +0 plate armour
 21947 | D:12     | Identified a +0 hand axe
 21947 | D:12     | Identified a +0 leather armour
 21947 | D:12     | Identified a +0 whip
 21947 | D:12     | Identified a +0 leather armour
 22085 | D:12     | HP: 13/52 [white ugly thing (33)]
 22336 | D:12     | Reached skill level 2 in Evocations
 22345 | D:12     | Identified a +0 trident
 22345 | D:12     | Identified a +0 scale mail
 22345 | D:12     | Identified a +0 buckler
 22345 | D:12     | Identified a +0 club
 22345 | D:12     | Identified a +0 spear
 22345 | D:12     | Identified a +1 flail of draining
 22345 | D:12     | Identified a +0 spear
 22345 | D:12     | Identified a cursed +0 halberd
 22397 | D:12     | Identified a +0 hand axe
 22397 | D:12     | Identified a +0 club
 22397 | D:12     | Identified a +0 leather armour
 22397 | D:12     | Identified a +0 trident
 22397 | D:12     | Identified a +0 leather armour
 22399 | D:12     | Identified a +0 dire flail
 22399 | D:12     | Identified a +0 chain mail
 22426 | D:12     | Reached skill level 4 in Poison Magic
 22671 | D:12     | Identified a +0 shortbow
 22671 | D:12     | Identified a +0 shortbow
 22671 | D:12     | Identified a +0 shortbow
 22672 | D:12     | Identified a +0 plate armour
 22781 | D:12     | Reached skill level 2 in Fighting
 22805 | D:12     | Identified a +0 giant club
 22832 | D:12     | Identified a +0 war axe
 22834 | D:12     | Identified a cursed -3 hand axe
 22834 | D:12     | Identified a +0 leather armour
 23249 | D:12     | Identified a +0 war axe
 23249 | D:12     | Identified a +1 ring mail of magic resistance
 23266 | Orc:1    | Entered Level 1 of the Orcish Mines
 23266 | Orc:1    | Identified a +3 dagger
 23266 | Orc:1    | Identified a +0 robe
 23266 | Orc:1    | Identified a +0 dagger
 23266 | Orc:1    | Identified a cursed +0 robe
 23266 | Orc:1    | Identified a +0 mace
 23267 | Orc:1    | Identified a +0 war axe
 23267 | Orc:1    | Identified a +0 leather armour
 23371 | Orc:1    | Identified a +0 dagger of electrocution
 23371 | Orc:1    | Identified a +0 robe of cold resistance
 23372 | Orc:1    | Identified a +0 falchion of holy wrath
 23373 | Orc:1    | Identified a +0 short sword
 23373 | Orc:1    | Identified a +0 chain mail
 23374 | Orc:1    | Identified a +0 dagger
 23376 | Orc:1    | Identified a +0 dagger
 23376 | Orc:1    | Identified a +0 robe
 23377 | Orc:1    | Identified a +0 short sword
 23379 | Orc:1    | Identified a +0 hand axe
 23379 | Orc:1    | Identified a +0 leather armour
 23380 | Orc:1    | Identified a +0 war axe
 23380 | Orc:1    | Identified a +0 chain mail
 23389 | Orc:1    | Identified a +0 trident
 23389 | Orc:1    | Identified a cursed -2 chain mail
 23400 | Orc:1    | Identified a +0 hand axe of freezing
 23402 | Orc:1    | Identified a +0 hand axe
 23402 | Orc:1    | Identified a +0 leather armour
 23403 | Orc:1    | Identified a +0 glaive
 23403 | Orc:1    | Identified a +0 chain mail
 23407 | Orc:1    | Identified a +0 dagger
 23407 | Orc:1    | Identified a +0 robe
 23413 | Orc:1    | Identified a +0 club
 23418 | Orc:1    | Reached skill level 3 in Evocations
 23419 | Orc:1    | Identified a +0 trident
 23419 | Orc:1    | Identified a +2 chain mail of poison resistance
 23419 | Orc:1    | Identified a +0 short sword
 23420 | Orc:1    | Identified a +0 whip
 23424 | Orc:1    | Reached skill level 10 in Dodging
 23424 | Orc:1    | Identified a +0 dagger
 23424 | Orc:1    | Identified a +0 robe
 23627 | Orc:1    | Identified a +1 scimitar of venom
 23627 | Orc:1    | Identified a +0 plate armour
 23724 | Orc:1    | Identified a +0 war axe of venom
 23724 | Orc:1    | Identified a +3 plate armour of magic resistance
 23724 | Orc:1    | Identified a cursed +0 kite shield
 23724 | Orc:1    | Noticed an orc warlord
 23724 | Orc:1    | Identified a +0 flail
 23724 | Orc:1    | Identified a +0 plate armour
 23724 | Orc:1    | Identified a +0 mace
 23725 | Orc:1    | Identified a +1 war axe of flaming
 23725 | Orc:1    | Identified a +0 plate armour
 23726 | Orc:1    | Identified a +0 flail
 23726 | Orc:1    | Identified a +0 leather armour
 23728 | Orc:1    | Identified a +0 mace
 23728 | Orc:1    | Identified a cursed +0 leather armour
 23728 | Orc:1    | Identified a +0 giant club
 23750 | D:12     | HP: 10/52 [orc warrior/+1 scimitar of venom[an orc warlord]
                  | (21)]
 23994 | Orc:1    | Identified a +0 halberd
 23994 | Orc:1    | Identified a +0 plate armour
 23994 | Orc:1    | Identified a +0 chain mail
 23995 | Orc:1    | Identified a +0 hand axe
 24017 | D:12     | Identified a +0 troll leather armour
 24094 | D:12     | Identified a +0 short sword
 24094 | D:12     | Identified a +2 short sword of flaming
 24450 | D:12     | Killed an orc warlord
 24450 | D:12     | Reached skill level 11 in Stealth
 24661 | Orc:1    | Identified a +0 club
 24661 | Orc:1    | Identified a +0 ring mail
 24661 | Orc:1    | Identified a +0 short sword
 24661 | Orc:1    | Identified a +0 chain mail
 24661 | Orc:1    | Identified a +0 halberd
 24661 | Orc:1    | Identified a cursed +0 chain mail
 24733 | Orc:1    | Identified a +0 leather armour
 24800 | Orc:1    | Identified a +0 short sword
 24800 | Orc:1    | Identified a +0 leather armour
 24801 | Orc:1    | Identified a +0 dagger
 24801 | Orc:1    | Identified a +0 robe
 24801 | Orc:1    | Noticed Nergalle
 24807 | Orc:1    | Identified a +0 dagger
 24807 | Orc:1    | Identified a +0 robe
 24817 | Orc:1    | Killed Nergalle
 24817 | Orc:1    | Reached skill level 4 in Evocations
 24817 | Orc:1    | HP: 13/56 [orc warrior/+0 halberd[an orc warlord] (15)]
 24820 | Orc:1    | HP: 5/56 [orc wizard/+0 dagger (4)]
 24838 | D:12     | HP: 3/56 [orc wizard/magic dart (4)]
 25168 | Orc:1    | Identified a +0 morningstar
 25168 | Orc:1    | Identified a +0 leather armour
 25175 | Orc:1    | Identified a +0 glaive
 25175 | Orc:1    | Identified a +0 chain mail
 25177 | Orc:1    | Identified a +0 dagger
 25177 | Orc:1    | Identified a +0 robe
 25185 | Orc:1    | Identified a +0 flail
 25185 | Orc:1    | Identified a +0 leather armour
 25199 | Orc:1    | Identified a +0 short sword
 25199 | Orc:1    | Identified a +0 ring mail of poison resistance
 25202 | Orc:1    | HP: 9/56 [orc priest/divine providence (12)]
 25639 | Orc:1    | Found Jacolic's General Store.
 25639 | Orc:1    | Identified a +0 hand axe
 25639 | Orc:1    | Identified a +0 ring mail
 25640 | Orc:1    | Identified a +0 trident
 25640 | Orc:1    | Identified a +0 plate armour
 25640 | Orc:1    | Identified a +0 whip
 25640 | Orc:1    | Identified a cursed +0 scale mail
 25643 | Orc:1    | Identified a +0 dagger
 25643 | Orc:1    | Identified a +2 robe of magic resistance
 25644 | Orc:1    | Identified a +0 flail
 25644 | Orc:1    | Identified a +0 scale mail
 25645 | Orc:1    | Identified a +0 great sword
 25645 | Orc:1    | Identified a +0 chain mail
 25645 | Orc:1    | Identified a +0 leather armour
 25925 | Orc:1    | Identified a +0 falchion
 25929 | Orc:1    | Identified a +0 battleaxe
 25929 | Orc:1    | Identified a cursed +0 chain mail
 25940 | Orc:1    | Reached skill level 5 in Poison Magic
 25946 | Orc:1    | HP: 14/56 [orc sorcerer/bolt of fire (22)]
 26229 | Orc:1    | Identified a +0 dagger
 26229 | Orc:1    | Identified a +2 robe of fire resistance
 26234 | Orc:1    | Identified a +0 chain mail
 26234 | Orc:1    | Identified a +0 whip
 26237 | Orc:1    | Identified a +0 flail
 26237 | Orc:1    | Identified a +0 leather armour
 26240 | Orc:1    | Identified a +0 halberd
 26240 | Orc:1    | Identified a +0 plate armour
 26247 | Orc:1    | Identified a +0 dagger
 26247 | Orc:1    | Identified a +0 robe
 26265 | Orc:1    | Identified a +0 giant club
 26274 | Orc:1    | Reached skill level 12 in Spellcasting
 26339 | Orc:1    | Identified a +0 mace
 26339 | Orc:1    | Identified a +0 leather armour
 26414 | Orc:2    | Entered Level 2 of the Orcish Mines
 26416 | Orc:2    | Found a staircase to the Elven Halls.
 26416 | Orc:2    | Identified a +0 short sword
 26416 | Orc:2    | Identified a +0 chain mail
 26417 | Orc:2    | Identified a +0 war axe
 26417 | Orc:2    | Identified a +0 chain mail
 26418 | Orc:2    | Identified a +0 short sword
 26418 | Orc:2    | Identified a +0 leather armour
 26419 | Orc:2    | Identified a +0 leather armour
 26424 | Orc:2    | Identified a +0 giant club
 26425 | Orc:2    | Identified a +0 scimitar
 26425 | Orc:2    | Identified a +0 plate armour
 26426 | Orc:2    | Identified a +0 trident
 26426 | Orc:2    | Identified a +0 chain mail
 26427 | Orc:2    | Identified a +0 trident
 26427 | Orc:2    | Identified a +0 plate armour
 26428 | Orc:2    | Identified a +0 dagger
 26428 | Orc:2    | Identified a +0 leather armour
 26428 | Orc:2    | Identified a +0 flail
 26429 | Orc:2    | Identified a +0 dagger
 26429 | Orc:2    | Identified a +0 leather armour
 26429 | Orc:2    | Identified a +0 dagger of venom
 26429 | Orc:2    | Identified a +0 robe
 26437 | Orc:2    | Identified a +0 dagger
 26437 | Orc:2    | Identified a +0 robe
 26439 | Orc:2    | Reached skill level 5 in Evocations
 26442 | Orc:2    | Identified a +0 dagger
 26442 | Orc:2    | Identified a +0 robe of positive energy
 26464 | Orc:2    | Identified a +0 club
 26748 | Orc:2    | Identified a +0 dagger
 26748 | Orc:2    | Identified a +0 chain mail
 26886 | Orc:2    | Reached skill level 3 in Fighting
 26886 | Orc:2    | Reached skill level 8 in Short Blades
 26908 | Orc:2    | Identified a +0 hand axe
 26908 | Orc:2    | Identified a +0 dagger
 26908 | Orc:2    | Identified a +0 robe
 26911 | Orc:2    | Identified a +2 battleaxe of electrocution
 26911 | Orc:2    | Identified a +0 plate armour
 26913 | Orc:2    | Identified a +0 trident
 26913 | Orc:2    | Identified a +0 plate armour
 26913 | Orc:2    | Identified a +0 giant spiked club
 26922 | Orc:2    | Identified a +0 dagger
 26922 | Orc:2    | Identified a +0 ring mail
 26928 | Orc:2    | Killed from afar by an orc sorcerer

Table legend:
 A = Turns spent in this place as a percentage of turns spent in the entire game.
 B = Non-inter-level travel turns spent in this place as a percentage of non-inter-level travel turns spent in the entire game.
 C = Inter-level travel turns spent in this place as a percentage of turns spent in this place.
 D = Turns resting spent in this place as a percentage of non-inter-level travel turns spent in this place.
 E = Turns spent auto-exploring this place as a percentage of non-inter-level travel turns spent in this place.
 F = Non-inter-level travel turns spent in this place divided by the number of levels of this place that you've seen.
                   A       B       C       D       E      F
               +-------+-------+-------+-------+-------+----------------------
         Total | 100.0 | 100.0 |   4.1 |  42.5 |  32.3 | 1519.4
       Dungeon |  89.5 |  89.4 |   4.2 |  44.2 |  30.7 | 1924.1
        Temple |   1.4 |   1.3 |  12.7 |   0.0 |  98.8 | 329.0
          Lair |   0.7 |   0.7 |   0.0 |   0.0 |  64.1 | 181.0
  Orcish Mines |   5.6 |   5.7 |   3.2 |  38.9 |  21.6 | 735.0
        Bazaar |   2.8 |   2.9 |   0.0 |  26.3 |  63.0 | 760.0
               +-------+-------+-------+-------+-------+----------------------

Table legend:
 A = Kills in this place as a percentage of kills in entire the game.
 B = Kills by you in this place as a percentage of kills by you in the entire game.
 C = Kills by friends in this place as a percentage of kills by friends in the entire game.
 D = Other kills in this place as a percentage of other kills in the entire game.
 E = Experience gained in this place as a percentage of experience gained in the entire game.
 F = Experience gained in this place divided by the number of levels of this place that you have seen.
                   A       B       C       D       E      F
               +-------+-------+-------+-------+-------+----------------------
         Total | 100.0 | 100.0 |   N/A | 100.0 | 100.0 | 2152.0
       Dungeon |  87.0 |  88.5 |   N/A |  18.2 |  77.1 | 2351.8
          Lair |   0.2 |   0.2 |   N/A |   0.0 |   0.5 | 199.0
  Orcish Mines |  12.8 |  11.3 |   N/A |  81.8 |  22.3 | 4081.5
               +-------+-------+-------+-------+-------+----------------------

Skill      XL: |  1  2  3  4  5  6  7  8  9 10 11 12 |
---------------+-------------------------------------+-----
Spellcasting   | 3 4 5 6 7 9 10 11 12 | 12.1
Earth Magic    | 3 4 5 6 7 8 9 |  9.9
Short Blades   | 1 2 3 4 5 6 7 8 |  8.0
Stealth        | 4 5 6 7 8 9 10 11 | 11.4
Dodging        | 4 5 6 7 8 9 10 | 10.5
Hexes          | 3 6 7 |  7.8
Shields        | 1 2 |  2.9
Poison Magic   | 3 5 |  5.5
Fighting       | 1 3 |  3.0
Evocations     | 1 5 |  5.4
Transmutations | |  1.3

Action                   |  1- 3 |  4- 6 |  7- 9 | 10-12 || total
-------------------------+-------+-------+-------+-------++-------
Melee: Short sword       |   144 |   197 |   210 |  1039 ||  1590
Throw: Dart              |       |    14 |    19 |    47 ||    80
 Cast: Sandblast         |    12 |    61 |    84 |   137 ||   294
       Stone Arrow       |       |       |    31 |    76 ||   107
       Confusing Touch   |       |       |     1 |     3 ||     4
       Lee's Rapid Decon |       |       |       |    14 ||    14
       Mephitic Cloud    |       |       |       |    17 ||    17
       Petrify           |       |       |       |    13 ||    13
Invok: Curse Item        |       |       |       |     4 ||     4
Evoke: Wand              |       |       |       |     9 ||     9
  Use: Scroll            |       |     7 |     5 |    11 ||    23
       Potion            |       |       |     2 |     1 ||     3
 Stab: Sleeping          |     9 |    13 |    13 |    22 ||    57
       Paralysed         |       |     1 |       |     2 ||     3
       Distracted        |       |     1 |       |     1 ||     2
       Invisible         |       |     1 |       |       ||     1
       Confused          |       |       |     1 |    19 ||    20
       Petrified         |       |       |       |     4 ||     4
       Petrifying        |       |       |       |     1 ||     1
  Eat: Ration            |       |     2 |     4 |     9 ||    15
Armor: Robe              |    18 |    12 |    11 |    31 ||    72
Dodge: Dodged            |   136 |   190 |   258 |   671 ||  1255
Block: Buckler           |       |       |     5 |   250 ||   255

Vanquished Creatures
  An orc warlord (D:12)
  Harold (D:7)
  A hydra (D:11)
  Nergalle (Orc:1)
  2 unseen horrors
  3 orc knights
  4 orc sorcerers
  2 manticores (D:12)
  3 ugly things
  2 gargoyles
  5 trolls
  2 hornets (D:12)
  Grinder (D:4)
  A meliai zombie (D:11)
  A hippogriff (D:8)
  12 yaks
  A wyvern (D:10)
  2 hungry ghosts
  A soldier ant (D:12)
  8 wargs
  A porcupine (D:8)
  4 black bears
  25 orc warriors
  3 ice beasts
  2 phantoms (D:12)
  2 necrophages
  3 sky beasts (D:9)
  An eye of draining (D:12)
  13 ogres
  2 wolves (D:5)
  7 centaurs
  A big kobold (D:10)
  8 bullfrogs
  2 gnoll sergeants
  4 scorpions
  A troll zombie (D:12)
  7 killer bees
  11 wights
  9 howler monkeys
  9 crimson imps
  5 jellies
  A quasit (D:9)
  A centaur skeleton (D:11)
  10 hounds
  21 orc wizards
  2 bullfrog skeletons
  17 orc priests
  3 gnoll shamans
  6 iguanas
  13 worker ants
  7 ogre zombies (D:12)
  A hound skeleton (D:9)
  A howler monkey zombie (D:10)
  17 adders
  28 gnolls
  A howler monkey skeleton (D:9)
  2 shadow imps
  A white imp (D:7)
  11 oozes
  3 dart slugs
  2 leopard geckos
  85 orcs
  2 ball pythons
  6 bats
  5 giant cockroaches
  8 goblins
  6 hobgoblins
  21 jackals
  20 kobolds
  5 quokkas
  5 frilled lizards
  2 goblin skeletons (D:12)
  A goblin zombie (D:12)
  3 hobgoblin skeletons (D:12)
  2 hobgoblin zombies (D:12)
  A jackal skeleton (D:7)
  A leopard gecko skeleton (D:4)
  5 orc skeletons (D:12)
  12 orc zombies (D:12)
  A quokka skeleton (D:9)
  11 rats
524 creatures vanquished.

Vanquished Creatures (others)
  4 fungi (D:8)
  12 toadstools (D:4)
16 creatures vanquished.

Grand Total: 540 creatures vanquished
